 Dungeon Crawl Stone Soup version 0.23.1 (webtiles) character file.

Game seed: 7462745123273697166

77 Borgoz the Skirmisher (level 4, -1/37 (38) HPs)
             Began as a Ghoul Monk on Mar 18, 2019.
             Slain by a kobold
             ... wielding a +2 mace of protection
              (5 damage)
             ... on level 3 of the Dungeon.
             The game lasted 00:03:47 (2116 turns).

Borgoz the Skirmisher (Ghoul Monk)                  Turns: 2116, Time: 00:03:48

HP:   -1/37 (38)    AC:  2    Str: 14    XL:     4   Next: 33%
MP:   3/3           EV: 13    Int:  5    God:
Gold: 76            SH:  0    Dex: 12    Spells: 3/3 levels left

rFire    . . .     SeeInvis .   a - +0 short sword
rCold    + . .     Gourm    .   (no shield)
rNeg     + + +     Faith    .   b - +0 robe
rPois    ∞         Spirit   .   (no helmet)
rElec    .         Reflect  .   (no cloak)
rCorr    .         Harm     .   (no gloves)
MR       .....                  (no boots)
Stlth    ++........             (no amulet)
HPRegen  0.00/turn              (no ring)
MPRegen  0.08/turn              (no ring)

@: rotting
A: rotting body, claws 1, carnivore, cold resistance 1, negative energy
resistance 3, inhibited regeneration, torment resistance, unbreathing
a: no special abilities


You were on level 3 of the Dungeon.
You were not hungry.

You visited 1 branch of the dungeon, and saw 3 of its levels.

You collected 76 gold pieces.

Inventory:

Hand Weapons
 a - a +0 short sword (weapon)
Armour
 b - a +0 robe (worn)
Scrolls
 e - a scroll of fog
 g - 2 scrolls of teleportation
 h - a scroll of remove curse
 i - a scroll of amnesia {unknown}
Comestibles
 c - 2 rations
 f - 6 chunks of flesh


   Skills:
 + Level 3.5 Fighting
 * Level 3.3 Short Blades
 * Level 1.3 Armour
 * Level 3.3 Dodging
 + Level 2.6 Stealth


You had 3 spell levels left.
You didn't know any spells.
Your spell library was empty.

Dungeon Overview and Level Annotations

Branches:
Dungeon (3/15)

Altars:
Kikubaaqudgha


Innate Abilities, Weirdness & Mutations

Your body is rotting away.
You thrive on raw meat.
You are immune to poison.
You have sharp fingernails.
You are carnivorous and can eat meat at any time.
Your flesh is cold resistant. (rC+)
You are immune to negative energy. (rN+++)
You do not regenerate when monsters are visible.
You are immune to unholy pain and torment.
You can survive without breathing.


Message History

You hit the kobold.
The kobold is moderately wounded.
The kobold hits you with a +2 mace of protection!
You are too injured to fight recklessly!
You are too injured to fight recklessly!
You are too injured to fight recklessly!
You are too injured to fight recklessly!
You are too injured to fight recklessly!
You are too injured to fight recklessly!
You are too injured to fight recklessly!
You are too injured to fight recklessly!
You are too injured to fight recklessly!
You barely miss the kobold.
The kobold is moderately wounded.
The kobold hits you with a +2 mace of protection!
* * * LOW HITPOINT WARNING * * *
You closely miss the kobold.
The kobold is moderately wounded.
The kobold hits you with a +2 mace of protection.
You die...

#######
.......###########
#.K@........#
#.....##########.#
##).. ##.## ##.
#...# # ###...###
#.......#
#.......#
#.......#
###...###


You could see a kobold.

Vanquished Creatures
  An adder (D:1)
  An ooze (D:1)
  An adder skeleton (D:2)
  A worm (D:2)
  3 dart slugs (D:1)
  2 leopard geckos
  An orc (D:2)
  5 bats
  4 giant cockroaches
  5 goblins
  6 hobgoblins
  2 jackals (D:3)
  A ball python (D:3)
  2 frilled lizards (D:2)
  3 kobolds
  9 rats
47 creatures vanquished.

Notes
Turn   | Place    | Note
-------+----------+-------------------------------------------
     0 | D:1      | Borgoz the Ghoul Monk began the quest for the Orb.
     0 | D:1      | Reached XP level 1. HP: 19/19 MP: 0/0
   100 | D:1      | Reached XP level 2. HP: 23/26 MP: 1/1
   271 | D:1      | Reached skill level 1 in Armour
   271 | D:1      | Reached XP level 3. HP: 20/31 MP: 2/2
  1566 | D:2      | Reached XP level 4. HP: 31/38 MP: 3/3
  1631 | D:2      | Found an ancient bone altar of Kikubaaqudgha.
  2116 | D:3      | Slain by a kobold

Skill      XL: |  1  2 |
---------------+-------+-----
Short Blades   | 3 |  3.3
Armour         | 1 |  1.3
Dodging        | 3 |  3.3
Fighting       | |  3.5
Stealth        | |  2.6

Action                   |  1- 3 |  4- 6 || total
-------------------------+-------+-------++-------
Melee: Short sword       |   128 |    68 ||   196
  Use: Scroll            |     1 |     3 ||     4
       Potion            |     2 |       ||     2
 Stab: Sleeping          |     9 |     1 ||    10
  Eat: Chunk             |    10 |     4 ||    14
Armor: Robe              |    18 |    20 ||    38
Dodge: Dodged            |    69 |    47 ||   116
